 Dungeon Crawl Stone Soup version 0.30-a0-292-g0f741e3f8e (webtiles) character file.

Game seed: 9484060386980855041

138 Flugkiller the Cutter (level 5, 38/38 HPs)
             Began as a Demonspawn Gladiator on Oct 17, 2022.
             Quit the game on level 2 of the Dungeon.
             The game lasted 00:00:55 (1322 turns).

Flugkiller the Cutter (Demonspawn Gladiator)        Turns: 1322, Time: 00:00:56

Health: 38/38      AC:  6    Str: 14    XL:     5   Next: 1%
Magic:  5/5        EV: 12    Int:  9    God:
Gold:   60         SH:  0    Dex: 17    Spells: 4/4 levels left

rFire   . . .      SeeInvis .    a - +0 rapier
rCold   . . .      Faith    .    (no shield)
rNeg    + . .      Spirit   .    g - +3 leather armour
rPois   .          Reflect  .    (helmet restricted)
rElec   .          Harm     .    (no cloak)
rCorr   .          Rampage  .    (no gloves)
Will    .....                    (no boots)
Stlth   +.........               (no amulet)
HPRegen 0.26/turn                j - ring of positive energy
MPRegen 0.09/turn                (no ring)

@: no status effects
A: antennae 1, demonic guardian 1, spiny 1
a: no special abilities


You were on level 2 of the Dungeon.
You visited 1 branch of the dungeon, and saw 2 of its levels.

You collected 60 gold pieces.

Inventory:

Hand Weapons
 a - a +0 rapier (weapon)
Missiles
 d - 3 throwing nets (quivered)
 e - 3 javelins
Armour
 b - a +0 leather armour
 c - a +0 helmet
 g - a +3 leather armour (worn)
   (You found it on level 1 of the Dungeon)
Jewellery
 j - a ring of positive energy (left hand)
   (You found it on level 1 of the Dungeon)
Wands
 n - a wand of roots (12)
   (You found it on level 2 of the Dungeon)
Scrolls
 f - 5 scrolls of identify {unknown}
 h - 2 scrolls of magic mapping {unknown}
 l - a scroll of poison {unknown}
 m - a scroll of torment {unknown}
 o - a scroll of fog {unknown}
 p - a scroll of amnesia {unknown}
Potions
 i - 3 potions of curing {unknown}
 k - a potion of magic {unknown}


   Skills:
 - Level 2.0 Fighting
 + Level 5.2 Short Blades
 - Level 1.7 Throwing
 - Level 2.6 Dodging


You had 4 spell levels left.
You didn't know any spells.
Your spell library contained the following spells:

 Spells                   Type           Power      Damage    Failure   Level
 Frozen Ramparts          Ice            0%         1d1       83%         3
 Ice Form                 Ice/Tmut       0%         N/A       99%         4
 Summon Ice Beast         Ice/Summ       0%         N/A       99%         4


Dungeon Overview and Level Annotations

Branches:
Dungeon (2/15) Zot: 10678

Altars:


Innate Abilities, Weirdness & Mutations

You have a pair of small antennae on your head.
A weak demonic guardian rushes to your aid.
You are partially covered in sharp spines.


Message History

The orc closely misses you.
You barely miss the orc.
The orc is moderately wounded.
The orc hits you but does no damage.
You hit the orc but do no damage.
The orc is moderately wounded.
The orc hits you but does no damage.
You barely miss the orc.
The orc is moderately wounded.
The orc closely misses you.
You hit the orc.
The orc is heavily wounded.
The orc is struck by your spines.
You kill the orc!
No target in view!
No target in view!
You now have 60 gold pieces (gained 12).
o - a scroll labelled YFRUUQ IPSUGADGH
Found a leather armour.
A worm comes into view.
A worm is nearby!
You hit the worm.
The worm is moderately wounded.
You puncture the worm!
The worm is severely wounded.
The worm bites you but does no damage.
You puncture the worm!
You kill the worm!
Your Short Blades skill increases to level 5!
No target in view!
No target in view!
No target in view!
No target in view!
f - 5 scrolls labelled JEAPSU XAOMA (gained 1)
A hobgoblin comes into view.
A hobgoblin is nearby!
A hobgoblin is nearby!
You hit the hobgoblin.
The hobgoblin is moderately wounded.
The hobgoblin hits you.
You barely miss the hobgoblin.
The hobgoblin is moderately wounded.
The hobgoblin closely misses you.
You hit the hobgoblin but do no damage.
The hobgoblin is moderately wounded.
The hobgoblin hits you but does no damage.
You barely miss the hobgoblin.
The hobgoblin is moderately wounded.
The hobgoblin closely misses you.
You hit the hobgoblin but do no damage.
The hobgoblin is moderately wounded.
The hobgoblin closely misses you.
You hit the hobgoblin.
The hobgoblin is severely wounded.
The hobgoblin is struck by your spines.
The hobgoblin hits you but does no damage.
A hobgoblin is nearby!
A hobgoblin is nearby!
A hobgoblin is nearby!
You hit the hobgoblin.
You kill the hobgoblin!
No target in view!
You pick up a book of Rime and begin reading...
You add the spells Frozen Ramparts, Ice Form and Summon Ice Beast to your library.
A frilled lizard comes into view.
Found a scroll labelled QOITIPAULI.
A frilled lizard is nearby!
The frilled lizard hisses angrily.
The frilled lizard barely misses you.
You barely miss the frilled lizard. The frilled lizard barely misses you.
You puncture the frilled lizard!
You kill the frilled lizard!
No target in view!
No target in view!
No target in view!
p - a scroll labelled QOITIPAULI
Found a stone staircase leading up.
There is a stone staircase leading up here.
Natasha, Servant of Life and Death comes into view.
Natasha hisses angrily.
Natasha mumbles some strange words.
Natasha wildly gestures.
You feel troubled.
You hit Natasha.
Natasha is moderately wounded.
Natasha closely misses you.
You barely miss Natasha.
Natasha is moderately wounded.
Natasha is struck by your spines. Natasha claws you but does no damage.
You hit Natasha.
Natasha is severely wounded.
Natasha is struck by your spines.
You kill Natasha!
Natasha screams in fury as she dies!
The crimson imp disappears in a puff of smoke!
You have reached level 5!
Your demonic ancestry asserts itself...
A pair of antennae grows on your head!
Your +0 helmet falls away!
Are you sure you want to abandon this character and quit the game? (Confirm with "yes".)

#.# #.# #.# #.#
#.# #.#
#.#####.########
#..ยง.@.....<...#
#######.######.#
#.# #.# #.# #.#
..# #.# ### #.#
#.# #.# #.#


There were no monsters in sight!

Vanquished Creatures
  An orc wizard (D:2)
  Natasha (D:2)
  A gnoll (D:1)
  2 adders (D:2)
  A worm (D:2)
  A dart slug (D:1)
  3 orcs (D:2)
  3 endoplasms (D:1)
  5 goblins
  4 hobgoblins
  8 jackals (D:1)
  A quokka (D:1)
  5 ball pythons
  4 bats
  5 frilled lizards
  2 kobolds
  4 rats
51 creatures vanquished.

Notes
Turn   | Place    | Note
-------+----------+-------------------------------------------
     0 | D:1      | Flugkiller the Demonspawn Gladiator began the quest for the
                  | Orb.
     0 | D:1      | Reached XP level 1. HP: 16/16 MP: 1/1
    84 | D:1      | Reached skill level 3 in Short Blades
    94 | D:1      | Gained mutation: You are partially covered in sharp spines.
                  | [demonic ancestry]
    94 | D:1      | Reached XP level 2. HP: 8/22 MP: 2/2
   365 | D:1      | Reached XP level 3. HP: 21/27 MP: 3/3
   457 | D:1      | Reached skill level 4 in Short Blades
   932 | D:2      | Gained mutation: A weak demonic guardian rushes to your
                  | aid. [demonic ancestry]
   932 | D:2      | Reached XP level 4. HP: 33/33 MP: 4/4
  1190 | D:2      | Reached skill level 5 in Short Blades
  1315 | D:2      | Noticed Natasha
  1321 | D:2      | Killed Natasha
  1322 | D:2      | Gained mutation: You have a pair of small antennae on your
                  | head. [demonic ancestry]
  1322 | D:2      | Reached XP level 5. HP: 38/38 MP: 5/5
  1322 | D:2      | Quit the game

Illustrated notes

Levels and vault maps discovered:
D:1:      dpeg_arrival_arbitrary_a, layout_loops_ring
D:2:      layout_loops_ring, hangedman_decor_slide_cut, uniq_natasha

Skill      XL: |  1  2  3  4 |
---------------+-------------+-----
Short Blades   | 3 4 5 |  5.2
Fighting       | |  2.0
Throwing       | |  1.7
Dodging        | |  2.6

Action                   |  1- 3 |  4- 6 || total
-------------------------+-------+-------++-------
Melee: Rapier            |    94 |    42 ||   136
       Punch             |     1 |       ||     1
 Stab: Sleeping          |     1 |       ||     1
Armor: Leather armour    |    38 |    15 ||    53
Dodge: Dodged            |    62 |    23 ||    85

Table legend: (Time is in decaauts)
 A = Elapsed time spent in this place.
 B = Non-inter-level travel time spent in this place.
 C = Inter-level travel time spent in this place.
 D = Time resting spent in this place.
 E = Time spent auto-exploring this place.
 F = Levels seen in this place.
 G = Mean time per level.
                   A        B        C        D        E       F      G
               +--------+--------+--------+--------+--------+-----+--------+
         Total |   1321 |   1303 |     18 |     78 |    926 |   2 |  660.5 |
       Dungeon |   1321 |   1303 |     18 |     78 |    926 |   2 |  660.5 |
               +--------+--------+--------+--------+--------+-----+--------+

Top non-repeatable levels by time:
     D:1: 894 daAuts
     D:2: 427 daAuts
